 Dungeon Crawl Stone Soup version 0.20-a0-222-gb69ddcd (webtiles) character file.

3138 Yakui the Skirmisher (level 10, 0/77 HPs)
             Began as a Human Chaos Knight on Nov 29, 2016.
             Slain by a killer bee (8 damage)
             ... on level 7 of the Dungeon.
             The game lasted 00:27:19 (5912 turns).

Yakui the Skirmisher (Human Chaos Knight)           Turns: 5912, Time: 00:27:20

Health: 0/77       AC: 13    Str: 18    XL:     10   Next: 14%
Magic:  14/14      EV: 16    Int: 12    God:    Xom [....*.]
Gold:   347        SH:  0    Dex: 16    Spells: 9/9 levels left

rFire  + + .     SeeInvis .     b - +2 hand crossbow (chaos) {god gift}
rCold  . . .     Gourm    .     y - +3 leather armour {MR+}
rNeg   . . .     Faith    .     (no shield)
rPois  +         Spirit   .     (no helmet)
rElec  .         Reflect  .     o - +1 cloak
rCorr  .         Harm     .     n - +2 pair of gloves {archery}
MR     +....                    (no boots)
Stlth  +.........               e - amulet of rage
                                (no ring)
                                d - ring of protection from fire

@: mighty, very slightly contaminated, hasted, very quick
A: hooves 1, yellow scales 1, fire resistance 1, poison resistance
a: Renounce Religion, Evoke Berserk Rage


You were on level 7 of the Dungeon.
You worshipped Xom.
You were a beloved toy of Xom.
You were hungry.

You visited 1 branch of the dungeon, and saw 7 of its levels.

You collected 347 gold pieces.

Inventory:

Hand Weapons
 a - a +0 falchion of chaos
 b - a +2 hand crossbow of chaos (weapon) {god gift}
Missiles
 v - 39 bolts (quivered)
Armour
 n - a +2 pair of gloves of archery (worn)
 o - a +1 cloak (worn)
 y - a +3 leather armour of magic resistance (worn)
Rods
 l - a +2 rod of ignition (14/14)
   (You found it on level 6 of the Dungeon)
Jewellery
 d - a ring of protection from fire (left hand)
 e - an amulet of rage (around neck)
 p - an uncursed amulet of harm {unknown}
Wands
 f - a wand of hasting (2/9)
 C - a wand of flame (30/48)
Scrolls
 h - 4 scrolls of remove curse
 j - a scroll of amnesia
 z - a scroll of enchant weapon
 B - 3 scrolls of fear
Potions
 i - a potion of haste
 k - a potion of might
 m - a potion of flight {unknown}
 s - 5 potions of degeneration {unknown}
 u - a potion of agility
 w - a potion of resistance {unknown}
 x - 4 potions of curing
Books
 r - a book of Flames

   Spells                             Type                      Level
   a - Flame Tongue                   Conjuration/Fire             1
   b - Throw Flame                    Conjuration/Fire             2
   c - Conjure Flame                  Conjuration/Fire             3
   d - Inner Flame                    Hexes/Fire                   3
   e - Sticky Flame                   Conjuration/Fire             4
   f - Fireball                       Conjuration/Fire             5
Comestibles
 c - 7 bread rations
 q - 2 meat rations
 t - 2 slices of pizza


   Skills:
 + Level 6.9 Fighting
 + Level 6.8 Long Blades
 + Level 5.2 Crossbows
 - Level 2.0 Armour
 + Level 6.0 Dodging
 + Level 6.2 Evocations


You had 9 spell levels left.
You didn't know any spells.

Dungeon Overview and Level Annotations

Branches:
Dungeon (7/15)             Temple (0/1) D:6

Altars:
Dithmenos
Gozag
Okawaru
Qazlal
Ru
Vehumet
Xom
Yredelemnul


Innate Abilities, Weirdness & Mutations

You have large cloven feet.
You are partially covered in yellow scales. (AC +2)
Your flesh is heat resistant. (rF+)
Your system is resistant to poisons. (rPois)


Message History

Press: ? - help, Shift-Dir - straight line, f/p - gnoll
Aim: a gnoll, wielding a whip (almost dead, berserk, fast, unusually strong)
You shoot a bolt. The bolt hits the gnoll.
You kill the gnoll!
Something stings you.
* * * LOW HITPOINT WARNING * * *
Something stings you but does no damage.
Firing (i - inventory):
v - 39 bolts (quivered)
Press: ? - help, Shift-Dir - straight line, f - orc
Aim: an orc, wielding a short sword Really fire in your iron imp's direction?
Okay, then.
Something stings you.
* * * LOW HITPOINT WARNING * * *
Something stings you.
* * * LOW HITPOINT WARNING * * *
The orc hits your iron imp but does no damage.
Something stings you!
You die... "It's all fun and games until someone loses an eye."

.....####. .... ...... .......#..
........... #..... .............#
##..## ..........#...# ###..#
...........#... ###....#
...........#.<# ###......# ##
#.........#...#####........# ..#
#........#.@.#............#
...###........#.................#
.....##.......5.........#####....
#.........5........##### .....
#......o........### ..#.
#.....†......## .###
##.((o...##....#
###..(.....###...#
##...o.......##....#


You could see an orc, a friendly iron imp and a friendly crimson imp.

Vanquished Creatures
  Pikel (D:5)
  Grinder (D:4)
  A two-headed ogre (D:7)
  Edmund (D:6)
  A hell hound (shapeshifter) (D:4)
  Duvessa (D:5)
  An ice beast (D:6)
  2 phantoms (D:5)
  A necrophage (D:6)
  3 slaves (D:5)
  A centaur (D:7)
  2 ogres
  The ghost of Yakui the Bolt Thrower, an amateur HuHu of Cheibriados (D:3)
  A crocodile (D:7)
  A big kobold (D:7)
  A scorpion (D:6)
  Dowan (D:5)
  3 killer bees (D:7)
  4 howler monkeys
  4 crimson imps
  A quasit (D:6)
  2 orc priests (D:6)
  3 hounds
  A gnoll shaman (D:5)
  An iguana (D:7)
  2 orc wizards (D:6)
  2 worker ants (D:4)
  A worker ant zombie (D:6)
  9 gnolls
  6 adders
  A river rat (D:1)
  A shadow imp (D:5)
  2 oozes (D:1)
  6 worms
  4 leopard geckos
  9 orcs
  2 ball pythons
  2 bats
  4 giant cockroaches
  5 goblins
  8 hobgoblins
  4 quokkas
  4 frilled lizards
  14 kobolds
  7 rats
133 creatures vanquished.

Vanquished Creatures (collateral kills)
  A killer bee (D:7)
  An adder (D:2)
2 creatures vanquished.

Vanquished Creatures (others)
  2 ball lightnings (D:3)
  A slave (D:5)
  A ball python (D:5)
4 creatures vanquished.

Grand Total: 139 creatures vanquished

Notes
Turn   | Place    | Note
-------+----------+-------------------------------------------
     0 | D:1      | Yakui the Human Chaos Knight began the quest for the Orb.
     0 | D:1      | Reached XP level 1. HP: 18/18 MP: 1/1
   144 | D:1      | Reached XP level 2. HP: 16/24 MP: 2/2
   378 | D:1      | Reached XP level 3. HP: 18/29 MP: 3/3
   613 | D:1      | XOM: harmless Hex miscast
   714 | D:1      | XOM: divination: magic mapping
   907 | D:2      | Reached skill level 1 in Evocations
   925 | D:2      | XOM is BORED!
   925 | D:2      | XOM: noise
   993 | D:2      | Reached XP level 4. HP: 36/36 MP: 4/4
  1293 | D:2      | Found a sacrificial altar of Ru.
  1362 | D:2      | XOM: harmless Summ miscast
  1380 | D:3      | XOM: give mutations
  1380 | D:3      | Gained mutation: You have large cloven feet. [Xom's grace]
  1380 | D:3      | Gained mutation: You are partially covered in yellow scales. (AC +2) [Xom's grace]
  1380 | D:3      | Gained mutation: Your flesh is heat resistant. (rF+) [Xom's grace]
  1380 | D:3      | Gained mutation: Your system is resistant to poisons. (rPois) [Xom's grace]
  1509 | D:3      | Noticed Yakui's ghost (amateur HuHu)
  1510 | D:3      | XOM: polymorph goblin -> hobgoblin
  1521 | D:3      | Reached XP level 5. HP: 31/42 MP: 6/6
  1524 | D:3      | XOM: cast spell 'Conjure Ball Lightning'
  1525 | D:3      | Killed Yakui's ghost
  1525 | D:3      | Reached XP level 6. HP: 25/48 MP: 7/7
  1691 | D:3      | XOM: god gift: glowing hand crossbow {god gift}
  2054 | D:3      | Found a shadowy altar of Dithmenos.
  2069 | D:3      | XOM: summons 3 hostile demons
  2094 | D:3      | XOM: 6-stop teleportation journey
  2152 | D:3      | Reached skill level 1 in Crossbows
  2380 | D:4      | XOM: smoke on damage
  2574 | D:4      | Noticed Eustachio
  2576 | D:4      | Noticed Eustachio
  2576 | D:4      | Eustachio changed into Eustachio the hell hound
  2581 | D:4      | Killed Eustachio the hell hound
  2581 | D:4      | Reached XP level 7. HP: 44/55 MP: 9/9
  2736 | D:4      | Noticed Grinder
  2737 | D:4      | XOM: swap monsters
  2744 | D:4      | Killed Grinder
  2753 | D:4      | XOM: harmless Divn miscast
  2767 | D:4      | XOM: mild Summ miscast
  2987 | D:4      | Reached skill level 5 in Fighting
  2987 | D:4      | Reached XP level 8. HP: 62/62 MP: 10/10
  3062 | D:5      | Entered Level 5 of the Dungeon
  3113 | D:5      | XOM: cast spell 'Statue Form'
  3137 | D:5      | Noticed Pikel
  3146 | D:5      | XOM: cast spell 'Alistair's Intoxication'
  3152 | D:5      | XOM: enchant monster (good)
  3197 | D:5      | HP: 2/62 [Pikel/whip of electrocution (20)]
  3437 | D:5      | Killed Pikel
  3437 | D:5      | Reached skill level 5 in Long Blades
  3511 | D:5      | Found a basalt altar of Yredelemnul.
  3524 | D:5      | XOM: harmless Summ miscast
  3605 | D:5      | XOM: scenery: create altars
  3613 | D:5      | XOM: silly message
  3618 | D:5      | XOM: scenery: 3 doors open
  3660 | D:5      | XOM: 9-stop teleportation journey
  3672 | D:5      | Found a stormy altar of Qazlal.
  3856 | D:5      | XOM: scenery: create altars
  3865 | D:5      | XOM: repel stairs
  3869 | D:5      | XOM: stat loss: -1 Int (11/12)
  3900 | D:5      | Reached XP level 9. HP: 52/69 MP: 12/12
  3978 | D:5      | XOM: summons 4 hostile demons
  3982 | D:5      | XOM: give mutations
  3982 | D:5      | Gained mutation: You are dopey. (Int -2) [Xom's mischief]
  3982 | D:5      | Lost mutation: You are dopey. (Int -2) [Xom's mischief]
  3982 | D:5      | Gained mutation: Scrolls take you a little longer to read. [Xom's mischief]
  4052 | D:5      | XOM: confusion
  4170 | D:5      | Reached skill level 5 in Evocations
  4182 | D:5      | Reached skill level 5 in Dodging
  4330 | D:5      | XOM: harmless Air miscast
  4364 | D:5      | Noticed Dowan
  4365 | D:5      | Noticed Duvessa
  4373 | D:5      | Killed Dowan
  4386 | D:5      | XOM: confuse monster(s)
  4391 | D:5      | XOM: blink monster(s)
  4402 | D:5      | Killed Duvessa
  4437 | D:5      | Found an opulent altar of Gozag.
  4714 | D:6      | Found a staircase to the Ecumenical Temple.
  4956 | D:6      | Noticed Edmund
  5002 | D:6      | Killed Edmund
  5016 | D:6      | XOM: 1-stop teleportation journey
  5087 | D:6      | XOM: stat loss: -1 Int (11/12)
  5256 | D:6      | XOM: give mutation
  5256 | D:6      | Lost mutation: Scrolls take you a little longer to read. [Xom's mischief]
  5462 | D:6      | XOM: harmless Air miscast
  5512 | D:6      | Found an iron altar of Okawaru.
  5742 | D:7      | Found a radiant altar of Vehumet.
  5769 | D:7      | Reached skill level 5 in Crossbows
  5788 | D:7      | Noticed a two-headed ogre
  5788 | D:7      | an ice beast changed into a two-headed ogre
  5792 | D:7      | Killed a two-headed ogre
  5792 | D:7      | Reached XP level 10. HP: 77/77 MP: 14/14
  5876 | D:7      | XOM: harmless Fire miscast
  5878 | D:7      | XOM: fake destruction
  5897 | D:7      | XOM: summons 2 friendly demons
  5912 | D:7      | Slain by a killer bee

Vault maps used:
D:1:      evilmike_arrival_hilbert_curve
D:2:      nicolae_ru_the_path_less_chosen
D:3:      marbit_many_paths, minmay_crystal_water
D:4:      first_bread, kennysheep_generic_room_15, uniq_grinder, uniq_eustachio
D:5:      lemuel_round_altar, lemuel_round_altar, kennysheep_cluttered_room,
          nicolae_qazlal_eye_of_the_storm, uniq_duvessa, uniq_pikel
D:6:      lemuel_crystal_altar, uniq_edmund
D:7:      lemuel_coloured_pillars_altar, vehumet_altar_wand_db, the_bakery

Skill      XL: |  1  2  3  4  5  6  7  8  9 10 |
---------------+-------------------------------+-----
Evocations     | 1 2 3 4 6 |  6.2
Dodging        | 2 3 4 5 6 |  6.0
Fighting       | 4 5 6 |  6.9
Crossbows      | 1 2 3 5 |  5.2
Long Blades    | 4 5 6 |  6.8
Armour         | |  2.0

Action                   |  1- 3 |  4- 6 |  7- 9 | 10-12 || total
-------------------------+-------+-------+-------+-------++-------
Melee: Falchion          |    58 |   129 |   355 |     5 ||   547
       Kick              |       |    24 |   112 |     3 ||   139
 Fire: Hand crossbow     |       |    10 |    59 |     5 ||    74
Throw: Stone             |     1 |       |       |       ||     1
 Abil: Evoke Berserk Rag |       |     1 |     1 |       ||     2
Evoke: Wand              |       |       |       |     1 ||     1
  Use: Scroll            |       |       |    17 |     1 ||    18
       Potion            |       |       |     2 |     2 ||     4
 Stab: Paralysed         |     1 |       |     1 |       ||     2
       Petrifying        |       |     1 |     1 |       ||     2
       Confused          |       |       |     8 |       ||     8
       Petrified         |       |       |     1 |       ||     1
  Eat: Chunk             |       |     7 |     5 |       ||    12
       Beef jerky        |       |       |     1 |       ||     1
       Meat ration       |       |       |     1 |       ||     1
Armor: Leather armour    |    13 |    80 |   154 |    15 ||   262
       Skin              |       |       |    14 |       ||    14
Dodge: Dodged            |    37 |   128 |   289 |    35 ||   489
       Rpst.: Falchion   |    12 |    29 |    68 |     9 ||   118
